 Dungeon Crawl Stone Soup version 0.28-a0-1190-g77e1c55843 (webtiles) character file.

Game seed: 16885824853284303060

310 fragbeetle the Changer (level 6, -3/43 HPs)
             Began as a Merfolk Transmuter on Dec 19, 2021.
             Slain by a gnoll (5 damage)
             ... on level 4 of the Dungeon.
             The game lasted 00:10:16 (4110 turns).

fragbeetle the Changer (Merfolk Transmuter)         Turns: 4110, Time: 00:10:17

Health: -3/43      AC:  3    Str: 13    XL:     6   Next: 41%
Magic:  0/9        EV: 12    Int: 12    God:
Gold:   114        SH:  0    Dex: 14    Spells: 1/9 levels left

rFire   . . .      SeeInvis .     - Unarmed
rCold   . . .      Faith    .   (no shield)
rNeg    . . .      Spirit   +   a - +0 robe
rPois   .          Reflect  .   (no helmet)
rElec   .          Harm     .   f - +0 cloak
rCorr   +          Rampage  .   (no gloves)
Will    .....                   (no boots)
Stlth   +.........              x - amulet of guardian spirit
HPRegen 0.14/turn               q - ring of resist corrosion
MPRegen 0.11/turn               (no ring)

@: no status effects
A: (nimble swimmer 2), mertail
a: no special abilities


You were on level 4 of the Dungeon.
You visited 1 branch of the dungeon, and saw 4 of its levels.
You also visited: Sewer.

You collected 114 gold pieces.

Inventory:

Missiles
 d - 130 stones
 p - 2 boomerangs (quivered)
 u - 7 poisoned darts
Armour
 a - a +0 robe (worn)
 f - a +0 cloak (worn)
Jewellery
 q - a ring of resist corrosion (left hand)
 x - an amulet of guardian spirit (around neck)
Scrolls
 b - a scroll of brand weapon {unknown}
 e - 2 scrolls of noise {unknown}
 i - 2 scrolls of immolation {unknown}
 j - 2 scrolls of teleportation {unknown}
 k - 2 scrolls of silence {unknown}
 n - a scroll of fear {unknown}
 o - 3 scrolls of summoning {unknown}
 s - a scroll of vulnerability {unknown}
Potions
 c - 3 potions of mutation {unknown}
 g - a potion of cancellation {unknown}
 h - a potion of berserk rage {unknown}
 l - a potion of invisibility {unknown}
 m - a potion of haste {unknown}
 r - a potion of degeneration {unknown}
 t - 2 potions of attraction {unknown}
 v - a potion of curing
 w - 2 potions of flight


   Skills:
 - Level 1.1 Fighting
 - Level 2.6 Dodging
 + Level 5.2 Unarmed Combat
 - Level 2.0 Spellcasting
 + Level 5.5 Transmutations
 + Level 1.0 Ice Magic
 + Level 3.1 Poison Magic


You had one spell level left.
You knew the following spells:

 Your Spells              Type           Power      Damage    Failure   Level
a - Beastly Appendage     Tmut           28%        N/A       2%          1
b - Spider Form           Tmut/Pois      11%        N/A       14%         3
c - Ice Form              Ice/Tmut       9%         N/A       56%         4

Your spell library contained the following spells:

 Spells                   Type           Power      Damage    Failure   Level
 Animate Skeleton         Necr           2%         N/A       26%         1
 Apportation              Tloc           2%         N/A       26%         1
 Shock                    Conj/Air       4%         1d3       26%         1
 Summon Small Mammal      Summ           4%         N/A       26%         1
 Wereblood                Tmut           14%        N/A       4%          2
 Swiftness                Air            1%         N/A       63%         3
 Airstrike                Air            0%         N/A       95%         4
 Leda's Liquefaction      Hex/Erth       0%         N/A       95%         4
 Lee's Rapid Deconstruct  Erth           0%         3d5*      100%        5
 Statue Form              Tmut/Erth      4%         N/A       100%        6


Dungeon Overview and Level Annotations

Branches:
Dungeon (4/15)              Sewer (visited)
 Temple: D:4-7

Altars:
Kikubaaqudgha
Yredelemnul

Shops:
D:4 [


Innate Abilities, Weirdness & Mutations

((You are quick and stealthy near water. (Stealth+, EV+, Speed+++)))
Your lower body shifts to a powerful aquatic tail in water.


Message History

The gnoll shaman hits you with a +0 whip.
Your transformation is almost over.
The gnoll closely misses you.
The gnoll shaman calls upon its god to heal the gnoll.
The gnoll's wounds heal themselves!
The gnoll completely misses you. The gnoll closely misses you.
The gnoll completely misses you.
You feel better. The gnoll completely misses you.
The gnoll hits you from afar with a +0 halberd!
The gnoll shaman hits you with a +0 whip.
The gnoll barely misses you. The gnoll hits you but does no damage.
The gnoll shaman calls upon its god to heal the gnoll.
The gnoll's wounds heal themselves!
The gnoll completely misses you. The gnoll misses you.
Your transformation has ended.
Your +0 cloak unmelds from your body.
Your +0 robe unmelds from your body.
Casting: Spider Form (dangerous; 14% risk of failure)
Confirm with . or Enter, or press ? or * to list all spells.
You don't have enough magic to cast this spell.
The gnoll shaman mumbles some strange prayers to its god.
The gnoll shaman is healed somewhat.
The gnoll hits you with a +0 whip. The gnoll hits you but does no damage.
The gnoll misses you.
The gnoll shaman prays to its god.
The gnoll shaman is healed somewhat.
You are no longer glowing.
The gnoll hits you from afar with a +0 halberd!
* * * LOW HITPOINT WARNING * * *
The gnoll looks more healthy.
The gnoll hits you with a +0 whip.
* * * LOW HITPOINT WARNING * * *
The gnoll shaman utters an invocation to its god.
The gnoll shaman is healed somewhat.
The gnoll barely misses you. The gnoll hits you with a +0 whip.
* * * LOW HITPOINT WARNING * * *
The gnoll shaman looks more healthy.
There is a stone staircase leading up here.
The gnoll barely misses you. The gnoll hits you with a +0 whip.
You die...

...... #.......# ....... +.......#
....... ######.......########+###+
..........................
..........................
..........................
..................>.......
.........@gg..g........... ....
..........................
.......######........###+###...รท.
.......#....#........# #.....
.......#....'........# #.....
.......#....#........# #.....
.......###'##........# #.....
.....................# #.....
.....................# #####'#


You could see a gnoll shaman and 2 gnolls.

Vanquished Creatures
  A kobold brigand (Sewer)
  A scorpion (D:4)
  An iguana (D:4)
  2 gnolls (D:4)
  4 adders
  A river rat (Sewer)
  2 worms (D:2)
  2 orcs (D:3)
  4 ball pythons
  7 bats
  2 endoplasms
  4 giant cockroaches
  5 goblins
  10 hobgoblins
  10 jackals
  3 quokkas
  6 frilled lizards
  6 kobolds
  7 rats
78 creatures vanquished.

Notes
Turn   | Place    | Note
-------+----------+-------------------------------------------
     0 | D:1      | fragbeetle the Merfolk Transmuter began the quest for the
                  | Orb.
     0 | D:1      | Reached XP level 1. HP: 15/15 MP: 3/3
   152 | D:1      | Reached XP level 2. HP: 21/21 MP: 3/5
   338 | D:1      | Found a faded altar of an unknown god.
   999 | D:2      | Reached XP level 3. HP: 24/26 MP: 4/6
  1007 | D:2      | Learned a level 3 spell: Spider Form
  1522 | D:2      | Found an ancient bone altar of Kikubaaqudgha.
  1838 | D:3      | Reached skill level 1 in Poison Magic
  1908 | D:3      | Reached XP level 4. HP: 20/32 MP: 7/7
  2208 | D:3      | Found a basalt altar of Yredelemnul.
  2832 | D:4      | Reached XP level 5. HP: 21/37 MP: 4/8
  2931 | D:4      | Found a glowing drain.
  3028 | Sewer    | Entered a sewer
  3171 | Sewer    | Noticed a kobold brigand
  3529 | Sewer    | Killed a kobold brigand
  3530 | Sewer    | Reached skill level 5 in Transmutations
  3531 | Sewer    | Reached skill level 5 in Unarmed Combat
  3548 | Sewer    | Found a white marble altar of Elyvilon.
  3724 | D:4      | Reached XP level 6. HP: 43/43 MP: 7/9
  3729 | D:4      | Learned a level 4 spell: Ice Form
  4068 | D:4      | Found Qyush's Armour Boutique.
  4083 | D:4      | Reached skill level 1 in Ice Magic
  4108 | D:4      | HP: 2/43 [gnoll (3)]
  4110 | D:4      | Slain by a gnoll

Illustrated notes

Levels and vault maps discovered:
D:1:      zelgadis_glass_arrival_small, layout_loops_ring,
          dreamdust_ecumenical_altar_angels_and_demons
D:2:      layout_rooms, basic_altar
D:3:      layout_basic, nicolae_overflow_crystal_walls
D:4:      layout_gridville, serial_shops, kennysheep_little_box,
          portal_sewer_entry_e

Skill      XL: |  1  2  3  4  5  6 |
---------------+-------------------+-----
Transmutations | 3 4 5 |  5.5
Unarmed Combat | 4 5 |  5.2
Poison Magic   | 1 2 3 |  3.1
Ice Magic      | 1 |  1.0
Fighting       | |  1.1
Dodging        | |  2.6
Spellcasting   | |  2.0

Action                   |  1- 3 |  4- 6 || total
-------------------------+-------+-------++-------
Melee: Unarmed           |   114 |   140 ||   254
       Headbutt          |    14 |    23 ||    37
       Punch             |     6 |     3 ||     9
       Tailslap          |       |     2 ||     2
Throw: Boomerang         |       |    19 ||    19
 Cast: Beastly Appendage |    28 |    22 ||    50
       Spider Form       |       |     4 ||     4
  Use: Potion            |     1 |     1 ||     2
 Stab: Sleeping          |     2 |       ||     2
Armor: Robe              |    19 |    27 ||    46
       Skin              |       |     4 ||     4
Dodge: Dodged            |    67 |   113 ||   180

Table legend: (Time is in decaauts)
 A = Elapsed time spent in this place.
 B = Non-inter-level travel time spent in this place.
 C = Inter-level travel time spent in this place.
 D = Time resting spent in this place.
 E = Time spent auto-exploring this place.
 F = Levels seen in this place.
 G = Mean time per level.
                   A        B        C        D        E       F      G
               +--------+--------+--------+--------+--------+-----+--------+
         Total |   4047 |   4002 |     45 |   1055 |   1859 |   5 |  809.4 |
       Dungeon |   3467 |   3422 |     45 |    679 |   1849 |   4 |  866.8 |
         Sewer |    580 |    580 |      0 |    376 |     10 |   1 |  580.0 |
               +--------+--------+--------+--------+--------+-----+--------+

Top non-repeatable levels by time:
     D:1: 942 daAuts
     D:3: 929 daAuts
     D:2: 884 daAuts
     D:4: 711 daAuts
   Sewer: 580 daAuts
